 Dungeon Crawl Stone Soup version 0.28-a0-48-gfd831c5874 (webtiles) character file.

Game seed: 17630122329071705556

110 Spaninq the Insei (level 4, -3/33 HPs)
             Began as a Demonspawn Transmuter on July 29, 2021.
             Slain by an orc (6 damage)
             ... on level 3 of the Dungeon.
             The game lasted 00:05:53 (2744 turns).

Spaninq the Insei (Demonspawn Transmuter)           Turns: 2744, Time: 00:05:54

Health: -3/33      AC:  6    Str: 10    XL:     4   Next: 61%
Magic:  7/7        EV: 12    Int: 18    God:
Gold:   123        SH:  0    Dex: 13    Spells: 5/8 levels left

rFire   . . .      SeeInvis .     - Unarmed
rCold   . . .      Faith    .   (no shield)
rNeg    . . .      Spirit   .   a - +0 robe
rPois   .          Reflect  .   (no helmet)
rElec   .          Harm     .   (no cloak)
rCorr   .          Rampage  .   (no gloves)
Will    .....                   (no boots)
Stlth   +.........              (no amulet)
HPRegen 0.11/turn               c - +4 ring of protection
MPRegen 0.20/turn               (no ring)

@: confused
A: hooves 1, magic regeneration, big brain 1
a: no special abilities


You were on level 3 of the Dungeon.
You visited 1 branch of the dungeon, and saw 3 of its levels.

You collected 123 gold pieces.

Inventory:

Armour
 a - a +0 robe (worn)
Jewellery
 c - a +4 ring of protection (left hand)
 h - a ring of ice
Scrolls
 d - 4 scrolls of identify {unknown}
 e - a scroll of acquirement {unknown}
 j - 2 scrolls of noise {unknown}
 k - a scroll of immolation {unknown}
 m - a scroll of enchant weapon {unknown}
Potions
 b - a potion of haste {unknown}
 f - 2 potions of brilliance {unknown}
 g - a potion of might {unknown}
 i - a potion of flight {unknown}
 l - a potion of berserk rage {unknown}


   Skills:
 + Level 2.0 Fighting
 - Level 2.4 Dodging
 * Level 3.5 Unarmed Combat
 + Level 2.5 Spellcasting
 * Level 2.3 Transmutations


You had 5 spell levels left.
You knew the following spells:

 Your Spells              Type           Power      Damage    Failure   Level
a - Beastly Appendage     Tmut           20%        N/A       6%          1
b - Wereblood             Tmut           10%        N/A       10%         2

Your spell library contained the following spells:

 Spells                   Type           Power      Damage    Failure   Level
 Spider Form              Tmut/Pois      3%         N/A       30%         3
 Ice Form                 Ice/Tmut       6%         N/A       71%         4
 Petrify                  Tmut/Erth      6%         N/A       71%         4
 Metabolic Englaciation   Hex/Ice        1%         N/A       99%         5
 Statue Form              Tmut/Erth      4%         N/A       100%        6


Dungeon Overview and Level Annotations

Branches:
Dungeon (3/15)

Altars:
Qazlal

Annotations:
D:3 Sigmund


Innate Abilities, Weirdness & Mutations

You have large cloven feet.
You regenerate magic rapidly.
You have an unusually large brain. (Int +2)


Message History

The orc wizard points at you and mumbles some strange words.
The puff of flame misses you. Something barely misses you.
The orc closely misses you.
You closely miss something. Something hits you but does no damage.
You bump into the rock wall.
You feel less confused. The orc barely misses you.
The orc priest looks satisfied for a moment.
The orc closely misses you.
You hit the orc.
You feel a bit better.
You kill the orc!
Your primal bloodlust has ended.
The orc hits you from afar with a +0 trident.
You hear some strange, mumbled words.
Something tries to affect you, but you resist.
The orc wizard points at you and mumbles some strange words.
You hear some strange, mumbled words.
Something tries to affect you, but you resist.
You hear some strange, mumbled words.
Something tries to affect you, but you resist.
You are confused.
The orc priest looks encouraged for a moment.
Something barely misses you.
You miss something. You kick something.
The orc hits you from afar with a +0 trident.
You hear some strange, mumbled words.
Something tries to affect you, but you resist.
The orc priest mumbles some strange prayers to Beogh against you.
Beogh smites you!
* * * LOW HITPOINT WARNING * * *
You feel less confused. The orc closely misses you.
Something hits you but does no damage.
An endoplasm comes into view.
You hear some strange, mumbled words.
You are confused.
You're too confused to move!
The orc hits you but does no damage.
You miss something. You kick something. Something hits you.
* * * LOW HITPOINT WARNING * * *
The orc hits you from afar with a +0 trident.
You die...

.######### .##......#
.##......# .##......#
.##......# ########
.##......#####......####
oo......Zo.o.oo.........
o##......#####o.{...###
).#......# #..@...#
..#......# #......#
..#......# #......#
.######### #.......J .#
#.......... .#
#.......... .#
######..... .# ..... .#


You could see an orc priest, an orc wizard, 2 orcs and an endoplasm.

Vanquished Creatures
  3 adders
  3 orcs (D:3)
  5 endoplasms
  2 giant cockroaches (D:2)
  6 hobgoblins
  20 jackals
  7 kobolds
  2 quokkas (D:1)
  7 ball pythons
  4 bats
  3 frilled lizards
  4 goblins
  6 rats
72 creatures vanquished.

Notes
Turn   | Place    | Note
-------+----------+-------------------------------------------
     0 | D:1      | Spaninq the Demonspawn Transmuter began the quest for the
                  | Orb.
     0 | D:1      | Reached XP level 1. HP: 15/15 MP: 3/3
   279 | D:1      | Gained mutation: You have an unusually large brain. (Int
                  | +2) [demonic ancestry]
   279 | D:1      | Reached XP level 2. HP: 19/21 MP: 3/5
   427 | D:1      | Reached skill level 3 in Unarmed Combat
   439 | D:1      | Learned a level 2 spell: Wereblood
   691 | D:1      | Lost mutation: You have razor-sharp toenails. [demonic
                  | ancestry]
   691 | D:1      | Lost mutation: You have sharp toenails. [demonic ancestry]
   691 | D:1      | Gained mutation: You have large cloven feet. [demonic
                  | ancestry]
   691 | D:1      | Reached XP level 3. HP: 26/26 MP: 2/6
  1418 | D:2      | Gained mutation: You regenerate magic rapidly. [demonic
                  | ancestry]
  1418 | D:2      | Reached XP level 4. HP: 30/33 MP: 5/7
  1777 | D:2      | Found a stormy altar of Qazlal.
  2348 | D:3      | Found a faded altar of an unknown god.
  2361 | D:3      | Noticed Sigmund
  2744 | D:3      | Slain by an orc

Illustrated notes

Levels and vault maps discovered:
D:1:      sevenhm_arrival_forest_fort_small_6, layout_basic,
          minmay_split_cup_small
D:2:      wad_crossroads, layout_basic, basic_altar
D:3:      layout_basic, ebering_ecumenical_altar_hall, uniq_sigmund

Skill      XL: |  1  2  3  4 |
---------------+-------------+-----
Unarmed Combat | 3 |  3.5
Dodging        | 2 |  2.4
Transmutations | 2 |  2.3
Fighting       | 2 |  2.0
Spellcasting   | |  2.5

Action                   |  1- 3 |  4- 6 || total
-------------------------+-------+-------++-------
Melee: Unarmed           |   151 |   105 ||   256
       Kick              |    29 |    19 ||    48
       Headbutt          |     5 |       ||     5
       Punch             |     3 |     1 ||     4
 Cast: Beastly Appendage |    16 |       ||    16
       Wereblood         |    11 |    10 ||    21
 Stab: Distracted        |     1 |       ||     1
Armor: Robe              |    53 |    37 ||    90
Dodge: Dodged            |   118 |    71 ||   189

Table legend: (Time is in decaauts)
 A = Elapsed time spent in this place.
 B = Non-inter-level travel time spent in this place.
 C = Inter-level travel time spent in this place.
 D = Time resting spent in this place.
 E = Time spent auto-exploring this place.
 F = Levels seen in this place.
 G = Mean time per level.
                   A        B        C        D        E       F      G
               +--------+--------+--------+--------+--------+-----+--------+
         Total |   2728 |   2603 |    125 |    160 |   1876 |   3 |  909.3 |
       Dungeon |   2728 |   2603 |    125 |    160 |   1876 |   3 |  909.3 |
               +--------+--------+--------+--------+--------+-----+--------+

Top non-repeatable levels by time:
     D:1: 1239 daAuts
     D:2: 1211 daAuts
     D:3: 277 daAuts
